Unix NetHack Version 5.0.0-0 post-release - last build May  3 2026 23:40:34 (9823c992c0763bbd039eca2974112f46eaf799b3,branch:main).

Game began 2026-05-04 09:19:58, ended 2026-05-04 09:41:23.

2459783kj, lawful male human Samurai

 .......--
 ............|
 -..--.......--
      -.......-
      (.--...%.--..
    --..|  -......|
    -...|  .--..|.|
   |..---       |.|
   |..|         |.|  ---
   ----         |.--|..
                |.%-|.-
                --%.|.|
                 --@h.--
                  --...|
                   ---.|
                     ---

2459783kj the Ronin    St:16 Dx:18 Co:18 In:13 Wi:7 Ch:7  Lawful
Dlvl:5  $:11 HP:0(49) Pw:13(13) AC:4  Xp:4 T:999  Stressed

Latest messages:
 You hit the gnome.
 You kill the gnome!
 You are hit by a dagger.
 You have trouble lifting x - a dagger (6 in total).
 A - an aklys.
 You have much trouble lifting a gnome corpse.  Continue? [ynq] (q) n
 B - a scroll labeled KIRJE.
 You kill the gnome!
 You see here 3 daggers.
 You have trouble lifting x - 3 daggers (9 in total).
 The gnome hits!
 You hear crashing rock.
 The gnome throws a dagger!
 The dagger hits the gnome.
 You kill the gnome!
 Welcome to experience level 4.
 You have trouble lifting C - a partly used candle (lit).
 The gnome wields 4 daggers!
 The daggers weld themselves to the gnome's hand!
 The gnome picks up a dagger.
 The bugbear hits!
 The bugbear hits!
 You miss the gnome.
 The bugbear misses!
 The gnome thrusts one of his daggers.
 The gnome misses!
 You kill the gnome!
 The bugbear misses!
 The bugbear hits!
 The bugbear misses!
 You have much trouble lifting a gnome corpse.  Continue? [ynq] (q) n
 The bugbear hits!
 You kill the bugbear!
 You see here a bugbear corpse.
 You kill the gnome!
 Your candle is getting short.
 The dwarf thrusts his dagger.
 The dwarf hits!
 You hit the dwarf.
 The dwarf thrusts his dagger.
 The dwarf hits!
 You don't have enough stamina to move.
 The dwarf thrusts his dagger.
 The dwarf hits!
 You die...
 Do you want your possessions identified? [ynq] (y) n
 Do you want to see your attributes? [ynq] (y) n
 Do you want an account of creatures vanquished? [ynaq] (y) n
 Do you want to see your conduct and achievements? [ynq] (y) n
 Do you want to see the dungeon overview? [ynq] (y) n

Inventory:
 Coins    ('$')
  $ - 11 gold pieces
 Weapons  (')')
  d - 27 +0 ya (in quiver)
  o - a +0 sling
  c - a blessed +0 yumi
  x - 9 +0 daggers
  v - a +0 orcish dagger
  A - a +0 aklys
  a - a +0 katana (weapon in right hand)
  b - a +0 wakizashi (alternate weapon; not wielded)
 Armor    ('[')
  e - an uncursed rustproof +0 splint mail (being worn)
 Comestibles  ('%')
  u - an uncursed cram ration
  z - an uncursed partly eaten cram ration
  y - an uncursed partly eaten gnome corpse
 Scrolls  ('?')
  i - an uncursed scroll of amnesia
  w - a blessed scroll of charging
  j - an uncursed scroll of enchant armor
  B - a cursed scroll of identify
 Spellbooks  ('+')
  k - an uncursed spellbook of detect treasure
 Potions  ('!')
  p - an uncursed potion of restore ability
 Tools    ('(')
  C - a cursed partly used tallow candle (lit)
  m - a tinning kit (0:80)

2459783kj the Samurai's attributes:

Background:
 You were a Ronin, a level 4 male human Samurai.
 You were lawful, on a mission for Amaterasu Omikami
 who was opposed by Raijin (neutral) and Susanowo (chaotic).
 You were right-handed.
 You were in the Gnomish Mines, on level 5.
 You entered the dungeon 999 turns ago.
 There was a full moon in effect when your adventure ended.
 You had 114 experience points, 46 more were needed to attain level 5.

Basics:
 You had 0 out of 49 hit points.
 You had all 13 energy points (spell power).
 Your armor class was 4.
 Your wallet contained 11 zorkmids.
 Autopickup was off.

Final Characteristics:
 Your strength was 16 (limit:18/100).
 Your dexterity was 18 (limit:18).
 Your constitution was 18 (limit:18).
 Your intelligence was 13 (limit:18).
 Your wisdom was 7 (limit:18).
 Your charisma was 7 (limit:18).

Final Status:
 You weren't hungry.
 You were stressed; movement was moderately slowed.
 You were wielding a long sword.
 You had basic skill with long sword.

Final Attributes:
 You were devoutly aligned.
 You were warded.
 You were fast.
 You were lucky.
 You are dead.

Miscellaneous:
 You didn't encounter any bones levels.
 Total elapsed playing time was 21 minutes and 23 seconds.

Major events:
 Turn
    1: 2459783kj the lawful male human Samurai entered the dungeon
  820: entered the Gnomish Mines
  830: attained the rank of Ronin (level 3)
  999: killed by a dwarf

You didn't know any spells.

Skills:
 Fighting Skills
   martial arts      [Basic]
   two weapon combat [Unskilled]
   riding            [Unskilled]
 Weapon Skills
   dagger            [Unskilled]
   knife             [Unskilled]
   short sword       [Basic]
   broadsword        [Unskilled]
   long sword        [Basic]
   two-handed sword  [Unskilled]
   saber             [Unskilled]
   flail             [Unskilled]
   quarterstaff      [Unskilled]
   polearms          [Unskilled]
   spear             [Unskilled]
   lance             [Unskilled]
   bow               [Basic]
   shuriken          [Unskilled]
 Spellcasting Skills
   attack spells     [Unskilled]
   divination spells [Unskilled]
   clerical spells   [Unskilled]

Voluntary challenges:
 Character rerolling was not enabled.
 You were an atheist.
 You were illiterate.
 You never genocided any monsters.
 You never polymorphed an object.
 You never changed form.
 You used no wishes.
Achievements:
 You entered a shop.
 You entered the Gnomish Mines.
 You attained the rank of Ronin.

 The Dungeons of Doom: levels 1 to 2
    Level 1:
    Level 2:
       A general store.
       Stairs down to The Gnomish Mines.
 The Gnomish Mines: levels 3 to 5
    Level 3:
    Level 5: <- You were here.
       Final resting place for
          you, killed by a dwarf.


Vanquished creatures:
  a bugbear
  a brown mold
  9 gnomes
  a kobold
  3 goblins
  a sewer rat
  7 grid bugs
  3 newts
26 creatures vanquished.

No species were genocided or became extinct.

Game over:
                       ----------
                      /          \
                     /    REST    \
                    /      IN      \
                   /     PEACE      \
                  /                  \
                  |    2459783kj     |
                  |      11 Au       |
                  |   killed by a    |
                  |      dwarf       |
                  |                  |
                  |                  |
                  |       2026       |
                 *|     *  *  *      | *
        _________)/\\_//(\/(/\)/\//\/|_)_______

Sayonara 2459783kj the Samurai...

You died in The Gnomish Mines on dungeon level 5 with 676 points,
and 11 pieces of gold, after 999 moves.
You were level 4 with a maximum of 49 hit points when you died.

